 Dungeon Crawl Stone Soup version 0.30-a0-374-g95c0257040 (webtiles) character file.

Game seed: 8464705495909292656

4688 funkygono the Thaumaturge (level 10, -2/8 (67) HPs)
             Began as a Demonspawn Fire Elementalist on Nov 25, 2022.
             Was a Priest of Vehumet.
             Slain by a wight
             ... wielding a +5 falchion
              (6 damage)
             ... on level 8 of the Dungeon.
             The game lasted 00:15:39 (9111 turns).

funkygono the Thaumaturge (DsFE)                    Turns: 9111, Time: 00:15:39

HP:   -2/8 (67)     AC: 13    Str:  9    XL:     10   Next: 21%
MP:   22/23         EV: 13    Int: 20    God:    Vehumet [***...]
Gold: 422           SH:  5    Dex: 16    Spells: 16/28 levels left

rFire   . . .      SeeInvis .    A - +8 mace "Qicrit" {vorpal, rElec Will+ Dex+2}
rCold   + . .      Faith    .    e - orb {light}
rNeg    . . .      Spirit   .    x - +0 steam dragon scales
rPois   .          Reflect  +    (helmet restricted)
rElec   +          Harm     .    G - +1 cloak
rCorr   .          Rampage  .    H - +0 pair of gloves
Will    +....                    c - +3 pair of boots "Atauh" {rC+}
Stlth   +.........               q - amulet of reflection
HPRegen 0.21/turn                (no ring)
MPRegen 0.18/turn                (no ring)

@: glowing, extremely drained
A: horns 1, foul stench 1, sharp scales 1, demonic magic 1
a: Renounce Religion


You were on level 8 of the Dungeon.
You worshipped Vehumet.
Vehumet was most pleased with you.
You visited 1 branch of the dungeon, and saw 8 of its levels.

You collected 422 gold pieces.

Inventory:

Hand Weapons
 g - a +0 long sword
 v - a +1 vampiric whip
 y - a +3 mace
 z - a +5 mace of freezing
 A - the +8 mace "Qicrit" (weapon) {vorpal, rElec Will+ Dex+2}
   (You found it on level 4 of the Dungeon)

   It inflicts extra damage upon your enemies.
   Dex:       It affects your dexterity (+2).
   rElec:     It insulates you from electricity.
   Will:      It increases your willpower.
 F - a +2 quarterstaff of chaos
 J - a +1 vampiric whip
Armour
 c - the +3 pair of boots "Atauh" (worn) {rC+}
   (You acquired it on level 4 of the Dungeon)

   rC:        It protects you from cold.
 e - an orb of light (worn)
 x - +0 steam dragon scales (worn)
 G - a +1 cloak (worn)
 H - a +0 pair of gloves (worn)
Jewellery
 q - an amulet of reflection (around neck)
 D - a ring of poison resistance
 I - a ring of resist corrosion
Wands
 l - a wand of paralysis (10)
 r - a wand of mindburst (11)
Scrolls
 d - 3 scrolls of teleportation
 h - 3 scrolls of fear
 n - 2 scrolls of blinking
 p - 3 scrolls of amnesia
 C - 2 scrolls of vulnerability
Potions
 a - 2 potions of attraction {unknown}
 b - a potion of magic
 f - a potion of might
 i - 5 potions of heal wounds
 j - 3 potions of flight
 k - a potion of haste
 m - 2 potions of mutation
 o - 2 potions of invisibility
 s - 6 potions of curing
 t - 2 potions of brilliance
 u - 3 potions of lignification
 w - 2 potions of cancellation {unknown}
 B - a potion of ambrosia {unknown}
 E - 2 potions of resistance {unknown}


   Skills:
 + Level 1.8 Fighting
 + Level 1.3 Long Blades
 + Level 1.3 Maces & Flails
 + Level 2.6 Dodging
 - Level 1.7 Stealth
 + Level 0.2 Shields
 + Level 9.5 Spellcasting
 + Level 5.4 Conjurations
 + Level 1.3 Necromancy
 + Level 1.4 Translocations
 + Level 8.2 Fire Magic


You had 16 spell levels left.
You knew the following spells:

 Your Spells              Type           Power      Damage    Failure   Level
a - Foxfire               Conj/Fire      100%       2x1d9     1%          1
b - Scorch                Fire           84%        2d9       1%          2
c - Kindle Blastsparks    Fire/Tloc/Air  44%        2d13      1%          3
d - Flame Wave            Conj/Fire      36%        2d10      1%          4
e - Sandblast             Erth           18%        2d7       2%          1
f - Kiss of Death         Conj/Necr      92%        2d12      1%          1

Your spell library contained the following spells:

 Spells                   Type           Power      Damage    Failure   Level
 Poisonous Vapours        Pois/Air       18%        N/A       3%          2
 Inner Flame              Hex/Fire       25%        N/A       1%          3
 Summon Guardian Golem    Hex/Summ       9%         N/A       22%         3
 Orb of Destruction       Conj           15%        9d7       82%         7
 Spellforged Servitor     Conj/Summ      10%        N/A       99%         7


Dungeon Overview and Level Annotations

Branches:
Dungeon (8/15)             Temple (0/1) D:4
   Lair: D:8-11

Altars:
Cheibriados
Gozag
Kikubaaqudgha
Makhleb
Sif Muna
Uskayaw
Vehumet
Wu Jian
Yredelemnul

Annotations:
D:8 1 runed translucent door, decrepitude's ghost, novice OgFE


Innate Abilities, Weirdness & Mutations

You have a pair of small horns on your head.
You may rarely emit foul miasma when damaged in melee.
You are partially covered in razor-sharp scales. (AC +1, Slay +1)
Spells you cast may paralyse adjacent enemies.


Message History

Unknown command.
Casting: Flame Wave (astonishingly dangerous; 1% risk of failure)
Confirm with . or Enter, or press ? or * to list all spells.
The spell is astonishingly dangerous to miscast (1% risk of failure)!
Continue anyway?
Okay, then.
Unknown command.
Casting: Flame Wave (astonishingly dangerous; 1% risk of failure)
Confirm with . or Enter, or press ? or * to list all spells.
The spell is astonishingly dangerous to miscast (1% risk of failure)!
Continue anyway?
Okay, then.
You hit the wight.
The wight is lightly damaged.
The wight hits you with a +5 falchion.
You feel drained.
You hit the wight.
The wight is heavily damaged.
You hit the wight but do no damage. You headbutt the wight.
The wight is lightly damaged.
You block the wight's attack.
You hit the wight.
The wight is lightly damaged.
The wight hits you but does no damage.
You hit the wight.
You headbutt the wight, but do no damage.
The wight is heavily damaged.
The wight hits you but does no damage. The wight hits you with a +3 dagger.
You feel drained.
You emit a cloud of foul miasma!
You hit the wight.
The wight is severely damaged.
You block the wight's attack.
You hit the wight.
You destroy the wight!
Vehumet accepts your kill. The wight attacks as you move away!
The wight barely misses you.
A kobold comes into view. It is wielding a +0 whip.
Casting: Flame Wave (astonishingly dangerous; 1% risk of failure)
Confirm with . or Enter, or press ? or * to list all spells.
You conjure some foxfire!
Malevolent energies surge around you. The wight hits you with a +5 falchion.
Ouch! That really hurt!
You die...

### #......###..+
K.####......# ##.#
#.#....##.### #..'
#.#.#####..## ####
#.#...# ##..## #
#.###.###....#####
#○# #..##......#..
#z###...#....#.+..
#@v..........###..
######.#.....###.#
##.÷.##.....##.#
##.....##........
#.......#......#.
##.....##......##
##....#........#
######........#
#...###......#


You could see a wight (ally target) and a kobold.

Vanquished Creatures
  A two-headed ogre (D:5)
  A gargoyle (D:8)
  Maggie (D:7)
  A polar bear (D:8)
  Prince Ribbit (D:8)
  Grinder (D:4)
  A yak (D:8)
  A steam dragon (D:7)
  2 ice beasts
  2 orc warriors (D:8)
  An ogre (D:5)
  A centaur (D:5)
  A phantom (D:5)
  Blork the orc (D:6)
  2 kobold brigands
  A bullfrog (D:7)
  3 necrophages
  2 scorpions
  11 wights
  4 hounds
  A jelly (D:5)
  Crazy Yiuf (D:7)
  8 orc priests
  3 iguanas
  8 orc wizards
  A centaur simulacrum (D:8)
  3 gnolls (D:2)
  5 adders
  5 white imps
  2 ufetubi
  3 worms
  A dart slug (D:3)
  29 orcs
  5 ball pythons
  A bat (D:3)
  6 endoplasms
  A giant cockroach (D:4)
  6 goblins
  7 hobgoblins
  5 jackals
  4 quokkas
  5 frilled lizards
  8 kobolds
  4 rats
161 creatures vanquished.

Vanquished Creatures (collateral kills)
  A foxfire (D:2)
1 creature vanquished.

Vanquished Creatures (others)
  495 foxfires
495 creatures vanquished.

Grand Total: 657 creatures vanquished

Notes
Turn   | Place    | Note
-------+----------+-------------------------------------------
     0 | D:1      | funkygono the Demonspawn Fire Elementalist began the quest
                  | for the Orb.
     0 | D:1      | Reached XP level 1. HP: 13/13 MP: 3/3
   134 | D:1      | Gained mutation: Spells you cast may paralyse adjacent
                  | enemies. [demonic ancestry]
   134 | D:1      | Reached XP level 2. HP: 19/19 MP: 0/5
   218 | D:1      | Learned a level 2 spell: Scorch
  1101 | D:2      | Gained mutation: You are partially covered in razor-sharp
                  | scales. (AC +1, Slay +1) [demonic ancestry]
  1101 | D:2      | Reached XP level 3. HP: 17/24 MP: 2/6
  2081 | D:3      | Found an opulent altar of Gozag.
  2371 | D:3      | Reached XP level 4. HP: 30/30 MP: 2/7
  2440 | D:3      | Found a radiant altar of Vehumet.
  2455 | D:3      | Became a worshipper of Vehumet
  3212 | D:3      | Reached skill level 3 in Spellcasting
  3212 | D:3      | Reached XP level 5. HP: 21/36 MP: 1/9
  3448 | D:4      | Found an ornate altar of the Wu Jian Council.
  3478 | D:4      | Found a staircase to the Ecumenical Temple.
  3610 | D:4      | Found a basalt altar of Yredelemnul.
  3620 | D:4      | Found an ancient bone altar of Kikubaaqudgha.
  3641 | D:4      | Found a shimmering blue altar of Sif Muna.
  3646 | D:4      | Found a hide-covered altar of Uskayaw.
  3679 | D:4      | Reached * piety under Vehumet
  3679 | D:4      | Offered knowledge of Sandblast by Vehumet.
  3680 | D:4      | Reached XP level 6. HP: 42/42 MP: 7/11
  3889 | D:4      | Noticed Grinder
  3897 | D:4      | Killed Grinder
  3898 | D:4      | Reached skill level 1 in Fighting
  3898 | D:4      | Reached skill level 1 in Long Blades
  3898 | D:4      | Reached skill level 4 in Spellcasting
  4054 | D:4      | Found a burning altar of Makhleb.
  4289 | D:4      | Identified the +8 mace "Qicrit" {vorpal, rElec Will+ Dex+2}
  4322 | D:4      | Learned a level 3 spell: Kindle Blastsparks
  4327 | D:4      | Learned a level 4 spell: Flame Wave
  4329 | D:4      | Learned a level 1 spell: Sandblast
  4635 | D:4      | Identified a scroll of acquirement
  4635 | D:4      | Acquired the +3 pair of boots "Atauh" {rC+}
  4738 | D:5      | Entered Level 5 of the Dungeon
  4951 | D:5      | Gained mutation: You have a pair of small horns on your
                  | head. [demonic ancestry]
  4951 | D:5      | Reached XP level 7. HP: 48/48 MP: 8/13
  5170 | D:5      | Reached skill level 5 in Fire Magic
  5388 | D:5      | Reached skill level 5 in Spellcasting
  5491 | D:5      | Noticed a two-headed ogre
  5507 | D:5      | Killed a two-headed ogre
  5508 | D:5      | Reached skill level 1 in Maces & Flails
  5508 | D:5      | Reached skill level 6 in Spellcasting
  5508 | D:5      | Reached skill level 1 in Translocations
  5508 | D:5      | Reached XP level 8. HP: 42/54 MP: 3/17
  5914 | D:5      | Reached skill level 7 in Spellcasting
  6010 | D:5      | Reached ** piety under Vehumet
  6125 | D:5      | Offered knowledge of Kiss of Death by Vehumet.
  6341 | D:5      | Reached XP level 9. HP: 55/61 MP: 15/19
  6468 | D:5      | Learned a level 1 spell: Kiss of Death
  6519 | D:6      | Noticed Blork the orc
  6523 | D:6      | Killed Blork the orc
  6730 | D:6      | Found a snail-covered altar of Cheibriados.
  7509 | D:7      | Noticed Maggie
  7524 | D:7      | Killed Maggie
  7525 | D:7      | Reached skill level 8 in Spellcasting
  8075 | D:7      | Found a runed translucent door.
  8076 | D:7      | Noticed Crazy Yiuf
  8082 | D:7      | Killed Crazy Yiuf
  8136 | D:8      | Noticed a gargoyle
  8141 | D:8      | Noticed Prince Ribbit
  8151 | D:8      | Killed a gargoyle
  8152 | D:8      | Reached skill level 5 in Conjurations
  8159 | D:8      | Killed Prince Ribbit
  8314 | D:8      | Offered knowledge of Poisonous Vapours by Vehumet.
  8372 | D:8      | Reached skill level 9 in Spellcasting
  8448 | D:8      | Gained mutation: You may rarely emit foul miasma when
                  | damaged in melee. [demonic ancestry]
  8448 | D:8      | Reached XP level 10. HP: 67/67 MP: 12/23
  8670 | D:8      | Reached *** piety under Vehumet
  8921 | D:8      | Found a runed translucent door.
  8922 | D:8      | Noticed a rakshasa
  8923 | D:8      | Noticed decrepitude's ghost (novice OgFE)
  8963 | D:8      | Reached skill level 1 in Necromancy
  9111 | D:8      | Slain by a wight

Illustrated notes

Levels and vault maps discovered:
D:1:      spicycebolla_arrival_xxxplode, layout_rooms,
          dreamdust_princess_bridge, st_stairs_8
D:2:      layout_basic, basic_altar, serial_bayou_ford_a
D:3:      layout_loops_corners, mainiacjoe_overflow_catwalk,
          mainiacjoe_overflow_small_starburst
D:4:      layout_basic, lemuel_coloured_pillars_altar,
          mainiacjoe_overflow_surrounded_room,
          nicolae_overflow_hallway_of_the_gods, temple_doors_e, uniq_grinder
D:5:      cheibrodos_barr_body, layout_loops_corners
D:6:      layout_rooms, slow_altar_2, uniq_blork_the_orc
D:7:      layout_basic, uniq_maggie, uniq_crazy_yiuf_cottage
D:8:      layout_basic, ebering_ghost_inner_flame, serial_ice, serial_ice_c,
          serial_ice_g, serial_ice_e, serial_ice_b, uniq_prince_ribbit1

Skill      XL: |  1  2  3  4  5  6  7  8  9 10 |
---------------+-------------------------------+-----
Fire Magic     | 3 4 6 7 8 |  8.2
Dodging        | 2 |  2.6
Conjurations   | 2 4 5 |  5.4
Spellcasting   | 3 4 6 7 9 |  9.5
Fighting       | 1 |  1.8
Long Blades    | 1 |  1.3
Maces & Flails | 1 |  1.3
Translocations | 1 |  1.4
Necromancy     | 1 |  1.3
Stealth        | |  1.7
Shields        | |  0.2

Action                   |  1- 3 |  4- 6 |  7- 9 | 10-12 || total
-------------------------+-------+-------+-------+-------++-------
Melee: Long sword        |     3 |    13 |       |       ||    16
       Mace              |       |       |    22 |     9 ||    31
       Headbutt          |       |       |     8 |     3 ||    11
 Cast: Foxfire           |    62 |    64 |   133 |    24 ||   283
       Scorch            |     4 |    18 |    62 |     8 ||    92
       Kindle Blastspark |       |       |     4 |       ||     4
       Flame Wave        |       |       |     3 |       ||     3
       Kiss of Death     |       |       |     2 |     9 ||    11
       Sandblast         |       |       |       |     1 ||     1
  Use: Scroll            |       |    13 |     8 |       ||    21
       Potion            |       |       |     1 |       ||     1
 Stab: Paralysed         |       |     3 |     2 |       ||     5
Armor: Robe              |     4 |     2 |    11 |       ||    17
       Steam dragon scal |       |       |     3 |     5 ||     8
Dodge: Dodged            |    43 |    17 |    31 |     7 ||    98
Block: Orb               |       |       |     3 |     5 ||     8

Table legend: (Time is in decaauts)
 A = Elapsed time spent in this place.
 B = Non-inter-level travel time spent in this place.
 C = Inter-level travel time spent in this place.
 D = Time resting spent in this place.
 E = Time spent auto-exploring this place.
 F = Levels seen in this place.
 G = Mean time per level.
                   A        B        C        D        E       F      G
               +--------+--------+--------+--------+--------+-----+--------+
         Total |   9139 |   8973 |    166 |    264 |   7311 |   8 | 1142.4 |
       Dungeon |   9139 |   8973 |    166 |    264 |   7311 |   8 | 1142.4 |
               +--------+--------+--------+--------+--------+-----+--------+

Top non-repeatable levels by time:
     D:5: 1765 daAuts
     D:4: 1426 daAuts
     D:3: 1251 daAuts
     D:1: 1143 daAuts
     D:7: 1039 daAuts
     D:8: 987 daAuts
     D:2: 928 daAuts
     D:6: 597 daAuts
